AoeStats
← KartaL-tr77

Arena

510722075Analyzed
1v1 RM · 8h ago on Oct 2, 2026· 37m 18s· 2 players
Game mode
Random Map
Map size
Tiny (2 player)
Population
200
Speed
Normal
Resources
Standard
Victory
Conquest
Starting age
Dark Age
Ending age
Imperial Age
RankedLock teamsTeams togetherTeam positionsShared explorationLock speedFull tech treeHidden civsTurbo modeCheats
Victory
Defeat
🇹🇷 Turks · Türkiye
966
+15
🇹🇷 Persians · Türkiye
947
-15
i.yildirim35
6:17 Loom
9:47 Feudal Age
10:06 Horse Collar
10:12 Double-Bit Axe
18:47 Castle Age
18:33 Scale Barding Armor
18:58 Bloodlines
19:49 Bow Saw
20:32 Stone Mining
22:53 Wheelbarrow
23:41 Heavy Plow
KartaL-tr77
11:10 Feudal Age
16:05 Castle Age
15:43 Gold Mining
15:41 Double-Bit Axe
15:42 Horse Collar
25:12 Imperial Age
22:49 Fletching
23:00 Padded Archer Armor
24:32 Wheelbarrow
23:44 Town Watch
23:46 Loom
26:20 Gold Shaft Mining
27:17 Hand Cart
27:18 Stone Mining
30:28 Bodkin Arrow
30:49 Leather Archer Armor
30:48 Heavy Plow
32:37 Bracer
33:08 Ring Archer Armor
Connection lost

Rejoining the realm…

Still unreachable

The connection could not be restored.

Session expired

The server has moved on; the page needs a fresh start.